Map: 10000 Feet LE

Players

SCIInewby - Winner!

  • Race: Protoss Protoss
  • League: Master
  • Spawn Location: 5:00

KABAN

  • Race: Zerg Zerg
  • League: Master
  • Spawn Location: 11:00

VOD

Have the link to the VOD?

Description

Time

  • Played on: Feb. 8, 2026, 2:27 p.m.
  • Length: 18:18
Show
View Real Time Build Order
Export as new Build Order

SCIInewby Protoss - Winner!

Build Orders: Carriers 

Get SALT Encoding   

  12  0:01  Probe  
  13  0:13  Probe  
  14  0:22  Pylon  
  14  0:29  Probe  
  15  0:42  Forge  
  15  0:45  Probe  
  16  0:53  Probe  
  17  1:06  Gateway  
  17  1:23  Probe  
  17  1:30  Assimilator  
  17  1:31  Probe  
  18  1:38  Photon Cannon  
  19  1:41  Probe  
  20  1:53  Probe  
  20  2:05  Probe  
  21  2:11  Nexus  
  21  2:17  Probe  
  21  2:22  Cybernetics Core  
  22  2:38  Pylon  
  22  2:45  Pylon  
  22  2:51  Pylon  
  22  2:55  Probe  
  22  2:56  Zealot  
  22  2:58  Assimilator  
  25  3:07  Probe  
  26  3:14  Warp Gate  
  26  3:17  Probe  
  26  3:19  Probe  
  27  3:23  Assimilator, Zealot  
  27  3:25  Probe  
  30  3:27  Probe  
  30  3:28  Protoss Ground Weapons Level 1  
  30  3:34  Probe  
  33  3:41  Pylon  
  33  3:45  Probe  
  33  3:46  Probe  
  35  3:56  Gateway  
  35  4:01  Pylon, Stalker  
  35  4:07  Probe  
  35  4:08  Probe  
  39  4:14  Assimilator  
  39  4:19  Probe  
  39  4:20  Probe  
  41  4:26  Twilight Council  
  41  4:32  Pylon  
  41  4:35  Probe x2  
  43  4:39  Pylon  
  43  4:47  Probe  
  43  4:51  Probe  
  44  4:53  Charge  
  44  4:57  Gateway  
  44  4:58  Gateway  
  44  4:59  Probe  
  46  5:06  Probe  
  47  5:11  Probe  
  48  5:18  Probe  
  49  5:22  Pylon  
  49  5:23  Probe  
  50  5:30  Probe  
  50  5:33  Gateway  
  51  5:35  Probe  
  51  5:38  Dark Shrine  
  51  5:42  Pylon, Probe  
  53  5:45  Protoss Shields Level 1  
  53  5:49  Probe  
  54  5:54  Probe  
  55  5:57  Zealot x2  
  55  5:58  Zealot x2  
  63  6:12  Photon Cannon  
  63  6:20  Stargate  
  63  6:21  Stargate  
  63  6:31  Stalker  
  65  6:35  Stalker, Zealot x3  
  73  6:48  Nexus  
  69  7:06  Pylon  
  67  7:08  Assimilator  
  67  7:09  Pylon  
  67  7:12  Dark Templar  
  67  7:13  Pylon, Assimilator  
  67  7:14  Dark Templar  
  67  7:15  Dark Templar  
  73  7:18  Blink  
  73  7:20  Stalker  
  75  7:29  Dark Templar  
  77  7:39  Probe x2  
  79  7:51  Probe  
  80  7:55  Shadow Stride  
  80  7:57  Dark Templar x2  
  80  7:58  Dark Templar  
  84  8:31  Archon  
  84  8:32  Archon  
  84  8:33  Zealot x3  
  84  8:34  Zealot x2  
  88  8:40  Fleet Beacon  
  90  8:47  Pylon  
  90  8:49  Probe x2  
  90  8:50  Probe  
  90  8:51  Pylon  
  90  8:55  Zealot  
  95  8:56  Zealot x4  
  95  9:01  Probe x2  
  79  9:19  Zealot x4  
  79  9:20  Zealot  
  69  9:42  Zealot x5  
  67  9:52  Carrier x2  
  57  9:54  Photon Cannon  
  57  9:55  Photon Cannon  
  57  9:58  Photon Cannon  
  57  10:04  Zealot  
  69  10:10  Zealot x3  
  73  10:26  Pylon  
  73  10:27  Zealot, Pylon  
  69  10:30  Pylon  
  69  10:32  Zealot  
  69  10:33  Zealot x2  
  71  10:43  Pylon  
  71  10:44  Pylon  
  71  10:46  Pylon  
  71  10:48  Pylon  
  65  10:58  Zealot x3  
  65  11:02  Carrier  
  68  11:34  Forge  
  57  12:06  Probe x2  
  58  12:18  Probe x2  
  60  12:30  Probe x2  
  60  12:36  Nexus  
  62  12:39  Assimilator  
  62  12:41  Assimilator  
  62  12:42  Probe  
  63  12:46  Gateway  
  63  13:05  Carrier  
  69  13:53  Probe x3  
  72  14:05  Probe x2  
  68  14:40  Carrier x2  
  68  14:52  Photon Cannon  
  68  15:16  Gateway  
  68  15:18  Gateway  
  68  15:20  Gateway  
  68  15:23  Gateway  
  68  15:25  Pylon  
  68  15:40  Carrier x2  
  68  15:48  Probe x3  
  83  15:54  Nexus  
  83  16:00  Probe  
  84  16:25  Zealot x3  
  88  16:26  Zealot x2  
  94  16:34  Carrier  
  94  16:35  Carrier  
  106  16:52  Zealot x5  
  116  16:55  Pylon  
  116  16:57  Nexus  
  116  17:21  Zealot  
  116  17:22  Zealot x4  
  138  17:56  Nexus  
  138  18:02  Probe  
  138  18:03  Probe x3  
  138  18:05  Zealot x5  
Show
View Real Time Build Order
Export as new Build Order

KABAN Zerg 

Build Orders: Hatch First 

Get SALT Encoding   

  12  0:01  Drone  
  13  0:18  Drone  
  14  0:21  Overlord  
  14  0:42  Hatchery  
  13  0:46  Drone  
  14  0:50  Drone  
  15  1:02  Drone  
  17  1:04  Drone  
  17  1:17  Spawning Pool  
  16  1:24  Extractor  
  15  1:29  Drone x2  
  15  1:32  Drone  
  18  1:48  Drone  
  19  2:07  Queen  
  21  2:15  Queen  
  23  2:30  Overlord  
  23  2:38  Overlord  
  23  2:39  Extractor  
  22  2:44  Hatchery  
  21  2:58  Roach Warren  
  20  3:07  Drone  
  20  3:08  Drone x2  
  23  3:25  Drone x5  
  28  3:27  Drone  
  29  3:42  Drone  
  30  3:50  Drone  
  30  3:51  Drone x2  
  30  3:54  Drone x3  
  36  3:58  Overlord  
  36  4:03  Overlord  
  36  4:08  Drone  
  37  4:27  Queen  
  39  4:31  Metabolic Boost  
  39  4:38  Lair  
  39  4:40  Roach x2  
  39  4:41  Roach  
  39  4:42  Roach  
  39  4:43  Roach  
  39  4:44  Roach  
  51  4:55  Drone x2  
  53  5:10  Evolution Chamber  
  52  5:38  Roach x3  
  52  5:39  Overlord x2  
  52  5:40  Overlord x6  
  58  5:44  Zerg Missile Weapons Level 1  
  58  5:59  Zergling x6  
  58  6:00  Zergling x12  
  58  6:01  Zergling x6  
  70  6:37  Roach  
  70  6:38  Roach x5  
  70  6:39  Roach x5  
  72  7:17  Glial Reconstitution  
  72  7:26  Roach x4  
  72  7:27  Roach x6  
  72  7:28  Roach x4  
  92  8:09  Overseer x2  
  82  8:39  Roach  
  82  8:40  Roach x5  
  82  8:41  Roach x6  
  104  8:42  Roach x6  
  104  8:43  Roach x2  
  122  9:05  Queen  
  76  9:45  Roach x4  
  80  9:46  Roach x6  
  80  9:47  Roach x2  
  90  10:27  Hatchery  
  89  10:32  Hatchery  
  88  10:42  Spore Crawler x2  
  82  10:46  Spore Crawler  
  79  10:52  Spore Crawler  
  76  11:22  Spire  
  51  12:06  Drone x7  
  51  12:07  Drone x17  
  55  12:25  Extractor  
  55  12:26  Queen  
  55  12:27  Extractor, Drone  
  55  12:28  Drone x2  
  58  12:37  Queen  
  58  12:40  Extractor  
  58  12:41  Extractor  
  58  12:50  Extractor  
  57  12:53  Extractor, Corruptor  
  57  12:54  Corruptor x6  
  70  13:05  Overlord x3  
  66  13:06  Overlord  
  65  13:21  Overlord x3  
  65  13:22  Overlord  
  61  13:46  Mutalisk  
  61  13:47  Corruptor x3  
  38  14:53  Drone  
  38  14:54  Drone x14  
  38  14:58  Queen  
  51  15:13  Queen  
  53  15:16  Queen  
  55  15:32  Queen  
  57  15:41  Extractor  
  57  15:42  Extractor  
  55  15:45  Zergling x6  
  55  15:46  Zergling x2  
  59  16:01  Drone x7  
  59  16:02  Drone x7  
  71  16:52  Infestation Pit  
  71  16:53  Spire  
  68  17:11  Drone  
  68  17:12  Drone x11  
  77  17:21  Spore Crawler  
  74  17:24  Spore Crawler  
  74  17:25  Spore Crawler  
  74  17:26  Spore Crawler x2  
  74  17:27  Spore Crawler x3  
  74  17:28  Spore Crawler  
  63  17:35  Spore Crawler x2  
  59  17:37  Spore Crawler x2  
  59  17:38  Spore Crawler x2  
  59  17:39  Spore Crawler x2  
  46  17:44  Spore Crawler  
  44  17:56  Spore Crawler  
  44  17:58  Spore Crawler  
  41  17:59  Spore Crawler x3  
  41  18:00  Spore Crawler  
  41  18:02  Spore Crawler  
Tags
 
Composition
Carriers
Matchup
PvZ
Replay Pack
Multiplayer
Spawn Locations
Cross Positions
Add a new tag
Caveats
  • Supply blocks, unpowered buildings, or Contaminate may cause inaccurate times.
  • Supply counts are checked every 10 seconds.